 Dungeon Crawl Stone Soup version 0.21.1-1-g345015f (webtiles) character file.

3486 inc the Transmogrifier (level 9, -2/45 HPs)
             Began as a Felid Transmuter on Mar 5, 2018.
             Was a Believer of Wu Jian.
             Killed from afar by Harold (26 damage)
             ... with a bolt of fire
             ... on level 10 of the Dungeon.
             The game lasted 00:28:35 (14255 turns).

inc the Transmogrifier (Felid Transmuter)          Turns: 14255, Time: 00:28:36

Health: -2/45      AC:  4    Str:  8    XL:     9   Next: 79%
Magic:  8/13       EV: 26    Int: 17    God:    Wu Jian [**....]
Gold:   531        SH:  0    Dex: 18    Spells: 0/12 levels left
                                        Lives:  0   Deaths: 3

rFire    . . .     SeeInvis +     - Unarmed
rCold    . . .     Gourm    .   (shield unavailable)
rNeg     + . .     Faith    .   (armour unavailable)
rPois    .         Spirit   .   (helmet unavailable)
rElec    .         Reflect  .   (cloak unavailable)
rCorr    +         Harm     .   (gloves unavailable)
MR       ++...                  (boots unavailable)
Stlth    +.........             (no amulet)
HPRegen  0.15/turn              t - ring of resist corrosion
MPRegen  0.13/turn              u - ring of positive energy

@: exhausted, blade paws, quick
A: very small, no armour, no weapons or thrown items, stealth, claws 1, fangs 3,
horns 1, slimy green scales 1, see invisible, carnivore, clever 1, speed 1,
magic resistance 1, shaggy fur 2, slow metabolism 1
a: End Transformation, Wall Jump, Renounce Religion


You were on level 10 of the Dungeon.
You worshipped Wu Jian.
Wu Jian was pleased with you.
You were full.
You had blades for front paws.
You visited 2 branches of the dungeon, and saw 12 of its levels.

You collected 531 gold pieces.

Inventory:

Missiles
 a - 115 arrows
Jewellery
 e - an uncursed ring of resist corrosion
 g - an uncursed ring of loudness
 t - a ring of resist corrosion (left scythe-like blade)
 u - a ring of positive energy (right scythe-like blade)
 B - an uncursed ring of ice
 C - an uncursed ring of ice
Wands
 q - a wand of clouds (14)
 w - a wand of scattershot (5)
 x - a wand of disintegration (22)
 y - a wand of enslavement (15)
Scrolls
 d - 4 scrolls of remove curse
 f - 6 scrolls of teleportation {unknown}
 j - 2 scrolls of fog
 k - 5 scrolls of amnesia
 n - a scroll of enchant armour
 o - a scroll of noise
 r - a scroll of blinking
 v - a scroll of identify
 D - 3 scrolls of enchant weapon
 F - a scroll of immolation {unknown}
Potions
 h - a potion of cancellation
 i - 6 potions of brilliance
 l - a potion of magic
 m - a potion of haste
 p - 7 potions of degeneration
 z - 2 potions of might
 A - 3 potions of curing
 E - a potion of invisibility
 G - a potion of flight {unknown}
Books
 b - a book of Changes

   Spells                             Type                      Level
   a - Beastly Appendage              Transmutation                1
   b - Sticks to Snakes               Transmutation                2
   c - Spider Form                    Transmutation/Poison         3
   d - Ice Form                       Ice/Transmutation            4
   e - Blade Hands                    Transmutation                5
 s - a book of Necromancy

   Spells                             Type                      Level
   a - Pain                           Necromancy                   1
   b - Animate Skeleton               Necromancy                   1
   c - Vampiric Draining              Necromancy                   3
   d - Regeneration                   Charms/Necromancy            3
   e - Animate Dead                   Necromancy                   4
   f - Borgnjor's Vile Clutch         Necromancy/Earth             5
Comestibles
 c - 18 rations


   Skills:
 + Level 8.5 Fighting
 - Level 9.4 Dodging
 - Level 7.7 Unarmed Combat
 - Level 2.0 Spellcasting
 - Level 10.2 Transmutations
 - Level 5.9 Ice Magic


You couldn't memorise any spells.
You knew the following spells:

 Your Spells              Type           Power        Failure   Level  Hunger
a - Beastly Appendage     Tmut           #####.       10%         1    #......
b - Sticks to Snakes      Tmut           #####...     11%         2    ###....
c - Ice Form              Ice/Tmut       ####....     38%         4    #####..
d - Blade Hands           Tmut           #####.....   41%         5    ######.


Dungeon Overview and Level Annotations

Branches:
Dungeon (11/15)            Temple (1/1) D:5            Lair (0/6) D:10
    Orc (0/2) D:9

Altars:
Ashenzari
Cheibriados
Dithmenos
Elyvilon
Fedhas
Gozag
Hepliaklqana
Kikubaaqudgha
Makhleb
Nemelex Xobeh
Okawaru
Qazlal
Ru
Sif Muna
Trog
Uskayaw
Vehumet
Wu Jian
Xom
Yredelemnul
Zin
The Shining One

Shops:
D:6 (   D:7 (

Annotations:
D:2 Terence
D:3 letownia2's ghost, weakling TeWz
D:5 Menkaure
D:10 Harold
D:11 Nergalle


Innate Abilities, Weirdness & Mutations

You cannot wear armour.
You are incapable of wielding weapons or throwing items.
Your paws allow you to move quietly. (Stealth)
You have sharp claws.
You have razor-sharp teeth.
You have supernaturally acute eyesight. (SInv)
You are carnivorous and can eat meat at any time.
You cover ground quickly.
You are covered in thick fur. (AC +2)
You have a slow metabolism.
((Your sharp claws are effective at attacking unaware monsters.))
You have a pair of small horns on your head.
You are partially covered in slimy green scales. (AC +2)
Your mind is acute. (Int +2)
You are resistant to hostile enchantments. (MR+)


Message History

Confirm with . or Enter, or press ? or * to list all spells.
Your front paws turn into razor-sharp scythe blades.
Your muscles tense, ready for explosive movement...
You can no longer move at supernatural speeds.
You lunge with incredible momentum at the two-headed ogre.
You hit the two-headed ogre.
The two-headed ogre is lightly wounded.
You spin and attack the two-headed ogre repeatedly, with incredible momentum.
You slice the two-headed ogre!! Your bite misses the two-headed ogre.
The two-headed ogre is heavily wounded.
You slice the two-headed ogre!!
You blow up the two-headed ogre!
The Council accepts your kill.
Your supernatural speed expires.
Harold points at you and mumbles some strange words.
The bolt of fire hits you! Harold casts a spell at you.
The bolt of fire hits you!
Ouch! That really hurt!
You die...

#.....#
######..†@#
#.###.# #.#.....
#.###.# #.#....#
#.....#####
#.......
#.........#
########
#.........#
#.####....#
#.####.%%.#
#...@.....#
#...§.....#
#...)###### #..#.#
#....# ' #...@# .#
#....# #..#
#....########....#
#.....(..@.......#


You could see Harold.

Vanquished Creatures
  Fannar (D:11)
  2 two-headed ogres
  Grinder (D:6)
  2 hippogriffs
  A spriggan (D:7)
  6 yaks
  2 wyverns
  Eustachio (D:5)
  Grum (D:8)
  A black bear (D:7)
  2 orc warriors
  5 sky beasts
  2 ogres
  A necrophage (D:8)
  3 centaurs
  2 wolves (D:8)
  2 crocodiles (D:10)
  A big kobold (D:6)
  6 bullfrogs
  2 scorpions
  11 wights
  8 killer bees
  2 howler monkeys
  A bullfrog zombie (D:5)
  4 crimson imps
  A jelly (D:8)
  A bullfrog skeleton (D:5)
  2 iguanas
  10 orc priests
  A hound (D:8)
  A centaur skeleton (D:9)
  9 orc wizards
  6 worker ants
  A killer bee zombie (D:6)
  A hound skeleton (D:5)
  A worker ant zombie (D:5)
  12 adders
  4 shadow imps
  2 adder skeletons
  A worm (D:3)
  2 dart slugs
  4 leopard geckos
  39 orcs
  5 bats
  3 giant cockroaches
  8 goblins
  7 hobgoblins
  25 jackals
  4 quokkas
  A ball python (D:1)
  5 frilled lizards
  6 kobolds
  A leopard gecko skeleton (D:5)
  A leopard gecko zombie (D:3)
  3 quokka skeletons
  A quokka zombie (D:2)
  2 rats
240 creatures vanquished.

Vanquished Creatures (collateral kills)
  A bullfrog (D:7)
  An orc (D:6)
2 creatures vanquished.

Grand Total: 242 creatures vanquished

Notes
Turn   | Place    | Note
-------+----------+-------------------------------------------
     0 | D:1      | inc the Felid Transmuter began the quest for the Orb.
     0 | D:1      | Reached XP level 1. HP: 9/9 MP: 4/4
   334 | D:1      | Reached XP level 2. HP: 12/12 MP: 6/6
   883 | D:2      | Reached XP level 3. HP: 2/15 MP: 5/7
   949 | D:2      | Reached skill level 5 in Dodging
  1325 | D:2      | Found an iron altar of Okawaru.
  1335 | D:2      | Noticed Terence
  1344 | D:2      | Gained mutation: You are partially covered in slimy green scales. (AC +2) [potion of mutation]
  1344 | D:2      | Gained mutation: You are resistant to hostile enchantments. (MR+) [potion of mutation]
  1344 | D:2      | Gained mutation: Your mind is acute. (Int +2) [potion of mutation]
  1344 | D:2      | Gained mutation: You have a pair of small horns on your head. [potion of mutation]
  1409 | D:3      | Reached XP level 4. HP: 19/19 MP: 8/8
  1899 | D:3      | Noticed letownia2's ghost (weakling TeWz)
  1931 | D:3      | Found a hazy altar of Hepliaklqana.
  1933 | D:3      | Found a sparkling altar of Nemelex Xobeh.
  1935 | D:3      | Found a shattered altar of Ashenzari.
  1935 | D:3      | Found a white marble altar of Elyvilon.
  1935 | D:3      | Found a glowing golden altar of the Shining One.
  1940 | D:3      | Found an opulent altar of Gozag.
  2005 | D:4      | Found a burning altar of Makhleb.
  2005 | D:4      | Noticed a blizzard demon
  2017 | D:4      | Noticed a phantom
  2063 | D:5      | Entered Level 5 of the Dungeon
  2300 | D:4      | Reached XP level 5. HP: 14/25 MP: 9/9
  3371 | D:4      | Noticed a centaur
  3410 | D:3      | Gained mutation: You are covered in thick fur. (AC +2) [Felid growth]
  3410 | D:3      | Reached XP level 6. HP: 20/28 MP: 10/10
  3682 | D:4      | Learned a level 2 spell: Sticks to Snakes
  3712 | D:4      | Found a radiant altar of Vehumet.
  4166 | D:5      | Reached skill level 5 in Unarmed Combat
  4454 | D:5      | Reached XP level 7. HP: 5/32 MP: 11/11
  5436 | D:5      | Noticed Eustachio
  5464 | D:5      | Killed Eustachio
  5560 | D:5      | Noticed Menkaure
  5928 | D:5      | Reached XP level 8. HP: 28/36 MP: 12/12
  6350 | D:6      | Learned a level 4 spell: Ice Form
  6595 | D:6      | Reached skill level 3 in Transmutations
  6606 | D:6      | Reached skill level 4 in Transmutations
  6920 | D:6      | Noticed Grinder
  6928 | D:6      | Killed Grinder
  6928 | D:6      | Reached skill level 5 in Transmutations
  6961 | D:6      | Reached skill level 6 in Transmutations
  7124 | D:6      | Found Fecuefy's Weapon Emporium.
  7288 | D:6      | Reached skill level 7 in Transmutations
  7724 | D:5      | Found a staircase to the Ecumenical Temple.
  7730 | Temple   | Entered the Ecumenical Temple
  7839 | Temple   | Became a worshipper of the Wu Jian Council
  8051 | D:7      | Reached XP level 9. HP: 20/39 MP: 13/13
  8246 | D:7      | Reached skill level 8 in Transmutations
  8280 | D:7      | Reached skill level 1 in Ice Magic
  8294 | D:7      | Killed from afar by an orc priest
  8295 | D:7      | Reached XP level 8. HP: -6/36 MP: 8/12
  8592 | D:7      | Found Cilul's Weapon Boutique.
  9114 | D:8      | Noticed a hippogriff
  9116 | D:8      | Reached * piety under Wu Jian
  9130 | D:8      | Killed a hippogriff
  9130 | D:8      | Reached skill level 5 in Ice Magic
  9529 | D:7      | Reached XP level 9. HP: 15/38 MP: 13/13
 10095 | D:7      | Learned a level 5 spell: Blade Hands
 10209 | D:8      | Noticed Grum
 10489 | D:8      | Killed Grum
 10492 | D:8      | Slain by a wolf
 10493 | D:8      | Reached XP level 8. HP: -1/42 MP: 11/12
 11260 | D:9      | Found a staircase to the Orcish Mines.
 11594 | D:9      | Reached ** piety under Wu Jian
 11620 | D:9      | Reached XP level 9. HP: 34/39 MP: 4/13
 11820 | D:9      | Reached skill level 9 in Transmutations
 12093 | D:9      | Reached skill level 10 in Transmutations
 12859 | D:9      | You fall through a shaft for 2 floors!
 12889 | D:11     | Noticed Fannar
 12903 | D:11     | Noticed a two-headed ogre
 12924 | D:11     | Killed a two-headed ogre
 12924 | D:11     | Reached skill level 5 in Fighting
 13164 | D:11     | Killed Fannar
 13164 | D:11     | Reached XP level 10. HP: 17/47 MP: 14/14
 13447 | D:11     | Noticed Nergalle
 13525 | D:11     | Noticed a two-headed ogre
 13544 | D:10     | Entered Level 10 of the Dungeon
 13544 | D:10     | Found a staircase to the Lair.
 14059 | D:10     | Noticed Harold
 14065 | D:10     | Killed from afar by Harold
 14066 | D:10     | Reached XP level 9. HP: -32/51 MP: 10/13
 14147 | D:10     | Reached *** piety under Wu Jian
 14232 | D:10     | Noticed a two-headed ogre
 14254 | D:10     | Killed a two-headed ogre
 14255 | D:10     | Killed from afar by Harold

Skill      XL: |  1  2  3  4  5  6  7  8  9 |
---------------+----------------------------+-----
Dodging        | 3 4 5 8 9 |  9.4
Fighting       | 2 3 4 8 |  8.5
Unarmed Combat | 4 5 6 7 |  7.7
Transmutations | 7 10 | 10.2
Ice Magic      | 5 1 |  5.9
Spellcasting   | |  2.0

Action                   |  1- 3 |  4- 6 |  7- 9 | 10-12 || total
-------------------------+-------+-------+-------+-------++-------
Melee: Unarmed           |    94 |   211 |   658 |    28 ||   991
       Bite              |     9 |    18 |    49 |     2 ||    78
       Headbutt          |     6 |    33 |    77 |     2 ||   118
       Punch             |       |     1 |    12 |       ||    13
 Cast: Beastly Appendage |     5 |       |       |       ||     5
       Sticks to Snakes  |       |     1 |    27 |       ||    28
       Ice Form          |       |       |    13 |     2 ||    15
       Blade Hands       |       |       |     6 |     2 ||     8
Invok: Lunge             |       |       |    40 |     3 ||    43
       Whirlwind         |       |       |     2 |     2 ||     4
       Wall Jump         |       |       |     1 |     4 ||     5
       Serpent's Lash    |       |       |     1 |       ||     1
  Use: Potion            |     3 |     1 |    10 |       ||    14
       Scroll            |     2 |     2 |     9 |       ||    13
 Stab: Sleeping          |     8 |     2 |     2 |     1 ||    13
       Distracted        |       |       |     4 |       ||     4
       Invisible         |       |       |     1 |       ||     1
  Eat: Chunk             |     8 |     5 |    27 |     8 ||    48
       Ration            |       |       |       |     1 ||     1
Armor: Skin              |     4 |    23 |   126 |     1 ||   154
Dodge: Dodged            |    72 |   243 |   567 |    14 ||   896
